Oilers vs Kings

Created - September 30, 2015 at 17:13

Simulating a Pre-Season

Goals
1 2 3 T
Oilers 1 0 1 2
Kings 0 1 0 1
Shots
1 2 3 T
Oilers 11 12 5 28
Kings 4 10 9 23

1st period

1. Oilers , Justin Williams 2 (Brian Campbell, Mikkel Boedker) at 1:06

Penalties :
Andre Burakovsky (LOS) for Holding (Minor) at 2:13, James van Riemsdyk (LOS) for Holding Stick (Minor) at 6:09, Gabriel Landeskog (EDM) for Boarding (Minor) at 9:55, Marco Scandella (EDM) for Tripping (Minor) at 12:28

2nd period

2. Kings , Ryan Stanton 1 (Chris Kunitz, Mikael Granlund) at 14:57

Penalties :
Derek MacKenzie (LOS) for Hooking (Minor) at 7:06

3rd period

3. Oilers , Scottie Upshall 1 (Kyle Quincey) at 16:24

Penalties :
Brian Gionta (LOS) for Hooking (Minor) at 17:46

Goalie Stats

Martin Jones (EDM), 22 saves from 23 shots - (0.957), W, 2-0-0, 60:00 minutes
Steve Mason (LOS), 26 saves from 28 shots - (0.929), L, 1-1-0, 59:51 minutes

Players Stats for Oilers

Player Name              G  A  P  +/- PIM S  H  SB GA TA FO     MP     PP MP  PK MP  
------------------------------------------------------------------------------------
Antoine Vermette         0  0  0   1  0   2  1  0  0  0  10/17  18:27   4:12   0:00 
Bo Horvat                0  0  0   1  0   1  0  0  0  0  1/11   10:22   0:00   0:00 
Bobby Ryan               0  0  0  -1  0   3  0  0  0  0  0/4    23:52   3:44   1:54 
Brian Campbell           0  1  1   1  0   1  0  2  0  0  0/0    21:46   4:31   1:57 
Brian Flynn              0  0  0   0  0   1  0  1  0  0  1/5     5:35   0:00   0:20 
Drew Miller              0  0  0   0  0   0  1  0  0  0  0/0     7:19   0:00   2:04 
Emerson Etem             0  0  0   1  0   1  0  0  0  0  1/1    11:11   0:00   0:49 
Gabriel Landeskog        0  0  0  -1  2   1  5  0  0  0  1/1    22:52   3:44   0:55 
Jake Muzzin              0  0  0  -1  0   2  1  2  0  0  0/0    24:20   3:25   2:01 
Justin Williams          1  0  1   1  0   3  1  0  0  0  0/1    18:27   4:12   0:00 
Kyle Quincey             0  1  1   1  0   0  0  1  0  0  0/0    13:54   0:00   0:00 
Marc Methot              0  0  0  -1  0   0  0  1  0  0  0/0    24:29   3:25   2:10 
Marco Scandella          0  0  0   1  2   3  1  0  0  0  0/0    20:38   4:31   0:50 
Mikkel Boedker           0  1  1   1  0   2  1  0  0  0  0/0    18:27   4:12   0:00 
Nail Yakupov             0  0  0   0  0   1  2  0  0  0  0/1     5:15   0:00   0:00 
Ryan Wilson              0  0  0   1  0   1  0  0  0  0  0/0    14:52   0:00   0:58 
Scottie Upshall          1  0  1   1  0   4  0  0  0  0  0/1    10:22   0:00   0:00 
Tyler Bozak              0  0  0  -1  0   2  1  0  0  0  14/29  23:52   3:44   1:54 

Players Stats for Kings

Player Name              G  A  P  +/- PIM S  H  SB GA TA FO     MP     PP MP  PK MP  
------------------------------------------------------------------------------------
Alexander Edler          0  0  0  -1  0   1  5  2  0  0  0/0    21:47   0:00   5:19 
Andre Burakovsky         0  0  0  -1  2   2  1  1  0  0  0/0    18:00   2:27   0:38 
Brian Gionta             0  0  0   0  2   1  0  0  0  0  0/0     5:41   0:00   1:56 
Chris Kunitz             0  1  1   1  0   3  3  1  0  0  1/1    13:12   0:56   0:00 
Cody Goloubef            0  0  0   1  0   0  0  0  0  0  0/0    12:29   0:00   0:00 
Derek MacKenzie          0  0  0  -1  2   0  2  0  0  0  2/3    17:29   0:00   0:00 
James van Riemsdyk       0  0  0   0  2   0  0  0  0  0  0/0     1:39   0:00   0:00 
Jason Pominville         0  0  0  -1  0   1  0  0  0  0  0/0    17:19   2:23   0:00 
Jeff Skinner             0  0  0   1  0   1  1  0  0  0  1/1    13:51   1:35   0:00 
Joe Thornton             0  0  0  -1  0   3  0  0  0  0  11/22  26:37   2:23   5:22 
Matt Niskanen            0  0  0  -1  0   1  1  1  0  0  0/0    23:34   2:02   2:37 
Mikael Granlund          0  1  1   1  0   1  0  0  0  0  14/21  15:47   1:35   1:56 
Mirco Mueller            0  0  0  -1  0   0  2  1  0  0  0/0    16:42   0:00   0:00 
Niklas Kronwall          0  0  0  -1  0   1  3  1  0  0  0/0    26:22   1:56   5:31 
Patrick Marleau          0  0  0  -1  0   2  0  0  0  0  0/0    21:37   2:31   0:00 
Ryan Nugent-Hopkins      0  0  0  -1  0   5  2  0  0  0  14/23  22:58   2:02   6:00 
Ryan Stanton             1  0  1   1  0   1  0  2  0  0  0/0    15:08   0:00   2:25 
Victor Rask              0  0  0   0  0   0  0  0  0  0  0/0     1:48   0:00   0:00 

3 Stars

1 - Martin Jones (EDM)
2 - Justin Williams (EDM)
3 - Ryan Stanton (LOS)

Power Play

Oilers - 0 on 4 Attempt(s) - 0.00%
Kings - 0 on 2 Attempt(s) - 0.00%

Penalty Kill

Oilers - 2 on 2 Attempt(s) - 100.00% - Score 0 goal in Penalty Kill
Kings - 4 on 4 Attempt(s) - 100.00% - Score 0 goal in Penalty Kill

Team Stat

Oilers - Hits : 14 - Faceoff Wins : 28 - Blocked Shots : 7 - Penalty Minutes : 4
Kings - Hits : 20 - Faceoff Wins : 43 - Blocked Shots : 9 - Penalty Minutes : 8

Official

Referees : Gord Dwyer and Paul Devorski
Linesman : Anthony Sericolo and Steve Miller

Game Notes

James van Riemsdyk is injured at 8:17 of 1st period (Bruised Right Shoulder)

% Time on Ice - Oilers

Lines # - Real PCT - Wanted PCT - Time Play
Normal Forward
1 - 38% - 40% - 18:06
2 - 30% - 30% - 14:15
3 - 21% - 20% - 10:16
4 - 11% - 10% - 5:15
Normal Defense
1 - 33% - 33% - 15:38
2 - 32% - 30% - 15:18
3 - 29% - 27% - 13:54
4 - 6% - 10% - 3:02
PP Forward
1 - 47% - 50% - 3:44
2 - 53% - 50% - 4:12
PP Defense
1 - 43% - 50% - 3:25
2 - 57% - 50% - 4:31
PK Forward
1 - 48% - 50% - 1:54
2 - 52% - 50% - 2:04
PK Defense
1 - 51% - 50% - 2:01
2 - 49% - 50% - 1:57
PK3 Forward
1 - 0% - 60%
2 - 0% - 40%
PK3 Defense
1 - 0% - 60%
2 - 0% - 40%
44 Forward
1 - 0% - 60%
2 - 0% - 40%
44 Defense
1 - 0% - 60%
2 - 0% - 40%
Last Minute Offensive  - 0:00
Last Minute Defensive  - 0:14
Total
Forward - 60:00
Defense - 60:00

% Time on Ice - Kings

Lines # - Real PCT - Wanted PCT - Time Play
Normal Forward
1 - 39% - 40% - 18:52
2 - 31% - 30% - 14:56
3 - 26% - 20% - 12:16
4 - 4% - 10% - 1:48
Normal Defense
1 - 38% - 40% - 17:58
2 - 34% - 30% - 16:28
3 - 26% - 20% - 12:29
4 - 2% - 10% - 0:57
PP Forward
1 - 60% - 60% - 2:23
2 - 40% - 40% - 1:35
PP Defense
1 - 49% - 60% - 1:56
2 - 51% - 40% - 2:02
PK Forward
1 - 76% - 60% - 6:00
2 - 24% - 40% - 1:56
PK Defense
1 - 67% - 60% - 5:19
2 - 33% - 40% - 2:37
PK3 Forward
1 - 0% - 60%
2 - 0% - 40%
PK3 Defense
1 - 0% - 60%
2 - 0% - 40%
44 Forward
1 - 0% - 60%
2 - 0% - 40%
44 Defense
1 - 0% - 60%
2 - 0% - 40%
Last Minute Offensive  - 0:14
Last Minute Defensive  - 0:00
Total
Forward - 60:00
Defense - 60:00

Play by Play

1st period


0:01 of 1st period - Joe Thornton wins face-off versus Bobby Ryan in neutral zone.
0:10 of 1st period - Shot by Patrick Marleau.
0:10 of 1st period - Shot Misses the Net.
1:06 of 1st period - Shot by Justin Williams.
1:06 of 1st period - Goal by Justin Williams - Oilers : 1 - Kings : 0.
1:07 of 1st period - Mikael Granlund wins face-off versus Bo Horvat in neutral zone.
2:13 of 1st period - Minor Penalty to Andre Burakovsky for Holding.
2:14 of 1st period - Ryan Nugent-Hopkins wins face-off versus Tyler Bozak in Kings zone.
2:38 of 1st period - Shot by Gabriel Landeskog.
2:38 of 1st period - Shot Misses the Net.
2:40 of 1st period - Shot by Tyler Bozak.
2:40 of 1st period - Shot Blocked by Niklas Kronwall.
2:42 of 1st period - Shot by Bobby Ryan.
2:42 of 1st period - Shot Misses the Net.
2:44 of 1st period - Shot by Jake Muzzin.
2:44 of 1st period - Stopped by Steve Mason without a rebound.
2:45 of 1st period - Mikael Granlund wins face-off versus Antoine Vermette in Kings zone.
4:18 of 1st period - Shot by Nail Yakupov.
4:18 of 1st period - Shot Misses the Net.
4:25 of 1st period - Drew Miller is hit by Alexander Edler and loses puck.
4:30 of 1st period - Shot by Drew Miller.
4:30 of 1st period - Shot Misses the Net.
4:34 of 1st period - Shot by Nail Yakupov.
4:34 of 1st period - Shot Misses the Net.
4:36 of 1st period - Shot by Brian Flynn.
4:36 of 1st period - Shot Misses the Net.
4:38 of 1st period - Shot by Kyle Quincey.
4:38 of 1st period - Shot Misses the Net.
4:40 of 1st period - Shot by Brian Flynn.
4:40 of 1st period - Stopped by Steve Mason without a rebound.
4:41 of 1st period - Mikael Granlund wins face-off versus Bo Horvat in Kings zone.
5:05 of 1st period - Shot by Scottie Upshall.
5:05 of 1st period - Stopped by Steve Mason without a rebound.
5:06 of 1st period - Ryan Nugent-Hopkins wins face-off versus Tyler Bozak in Kings zone.
5:37 of 1st period - Off-side.
5:38 of 1st period - Antoine Vermette wins face-off versus Joe Thornton in neutral zone.
5:45 of 1st period - Off-side.
5:46 of 1st period - Antoine Vermette wins face-off versus Joe Thornton in neutral zone.
5:49 of 1st period - Shot by Mikkel Boedker.
5:49 of 1st period - Shot Misses the Net.
6:09 of 1st period - Minor Penalty to James van Riemsdyk for Holding Stick.
6:10 of 1st period - Tyler Bozak wins face-off versus Ryan Nugent-Hopkins in Kings zone.
6:19 of 1st period - Shot by Bobby Ryan.
6:19 of 1st period - Stopped by Steve Mason without a rebound.
6:20 of 1st period - Antoine Vermette wins face-off versus Ryan Nugent-Hopkins in Kings zone.
6:31 of 1st period - Shot by Mikkel Boedker.
6:31 of 1st period - Stopped by Steve Mason without a rebound.
6:32 of 1st period - Tyler Bozak wins face-off versus Ryan Nugent-Hopkins in Kings zone.
6:47 of 1st period - Shot by Jake Muzzin.
6:47 of 1st period - Shot Misses the Net.
6:49 of 1st period - Shot by Jake Muzzin.
6:49 of 1st period - Stopped by Steve Mason without a rebound.
6:50 of 1st period - Antoine Vermette wins face-off versus Mikael Granlund in Kings zone.
6:58 of 1st period - Shot by Mikkel Boedker.
6:58 of 1st period - Shot Misses the Net.
7:06 of 1st period - Shot by Mikkel Boedker.
7:06 of 1st period - Deflect By Antoine Vermette.
7:06 of 1st period - Shot Blocked by Matt Niskanen.
7:08 of 1st period - Shot by Marco Scandella.
7:08 of 1st period - Stopped by Steve Mason with a rebound.
7:10 of 1st period - Shot by Justin Williams.
7:10 of 1st period - Shot Misses the Net.
7:12 of 1st period - Shot by Marco Scandella.
7:12 of 1st period - Stopped by Steve Mason without a rebound.
7:13 of 1st period - Ryan Nugent-Hopkins wins face-off versus Tyler Bozak in Kings zone.
7:22 of 1st period - Shot by Bobby Ryan.
7:22 of 1st period - Stopped by Steve Mason without a rebound.
7:23 of 1st period - Antoine Vermette wins face-off versus Ryan Nugent-Hopkins in Kings zone.
8:16 of 1st period - James van Riemsdyk is hit by Gabriel Landeskog and loses puck.
8:17 of 1st period - James van Riemsdyk from Kings is injured at 8:17 of 1st period (Bruised Right Shoulder).
8:18 of 1st period - Ryan Nugent-Hopkins wins face-off versus Tyler Bozak in neutral zone.
8:49 of 1st period - Shot by Ryan Nugent-Hopkins.
8:49 of 1st period - Deflect By Jason Pominville.
8:49 of 1st period - Shot Blocked by Jake Muzzin.
8:51 of 1st period - Shot by Ryan Nugent-Hopkins.
8:51 of 1st period - Stopped by Martin Jones without a rebound.
8:52 of 1st period - Joe Thornton wins face-off versus Scottie Upshall in Oilers zone.
9:27 of 1st period - Ryan Wilson is hit by Derek MacKenzie and loses puck.
9:45 of 1st period - Off-side.
9:46 of 1st period - Tyler Bozak wins face-off versus Ryan Nugent-Hopkins in neutral zone.
9:55 of 1st period - Minor Penalty to Gabriel Landeskog for Boarding.
9:56 of 1st period - Mikael Granlund wins face-off versus Brian Flynn in Oilers zone.
11:08 of 1st period - Off-side.
11:09 of 1st period - Emerson Etem wins face-off versus Joe Thornton in neutral zone.
11:15 of 1st period - Icing by Patrick Marleau.
11:16 of 1st period - Joe Thornton wins face-off versus Tyler Bozak in Kings zone.
11:45 of 1st period - Shot by Jason Pominville.
11:45 of 1st period - Shot Misses the Net.
12:07 of 1st period - Shot by Mikkel Boedker.
12:07 of 1st period - Shot Misses the Net.
12:17 of 1st period - Icing by Mirco Mueller.
12:18 of 1st period - Mikael Granlund wins face-off versus Tyler Bozak in Kings zone.
12:28 of 1st period - Minor Penalty to Marco Scandella for Tripping.
12:29 of 1st period - Tyler Bozak wins face-off versus Joe Thornton in Oilers zone.
13:38 of 1st period - Shot by Niklas Kronwall.
13:38 of 1st period - Stopped by Martin Jones without a rebound.
13:39 of 1st period - Tyler Bozak wins face-off versus Joe Thornton in Oilers zone.
14:13 of 1st period - Off-side.
14:14 of 1st period - Tyler Bozak wins face-off versus Mikael Granlund in neutral zone.
14:43 of 1st period - Icing by Alexander Edler.
14:44 of 1st period - Derek MacKenzie wins face-off versus Brian Flynn in Kings zone.
14:57 of 1st period - Alexander Edler is hit by Drew Miller and loses puck.
15:14 of 1st period - Brian Gionta is hit by Nail Yakupov and loses puck.
15:53 of 1st period - Shot by Mikael Granlund.
15:53 of 1st period - Shot Misses the Net.
15:55 of 1st period - Shot by Matt Niskanen.
15:55 of 1st period - Shot Misses the Net.
15:59 of 1st period - Shot by Chris Kunitz.
15:59 of 1st period - Stopped by Martin Jones with a rebound.
16:08 of 1st period - Shot by Chris Kunitz.
16:08 of 1st period - Shot Blocked by Brian Campbell.
16:45 of 1st period - Patrick Marleau is hit by Jake Muzzin.
16:47 of 1st period - Shot by Joe Thornton.
16:47 of 1st period - Stopped by Martin Jones with a rebound.
17:08 of 1st period - Joe Thornton is hit by Gabriel Landeskog and loses puck.
17:23 of 1st period - Icing by Ryan Stanton.
17:24 of 1st period - Joe Thornton wins face-off versus Antoine Vermette in Kings zone.
18:30 of 1st period - Shot by Emerson Etem.
18:30 of 1st period - Stopped by Steve Mason without a rebound.
18:31 of 1st period - Tyler Bozak wins face-off versus Mikael Granlund in Kings zone.
18:59 of 1st period - Icing by Brian Campbell.
19:00 of 1st period - Ryan Nugent-Hopkins wins face-off versus Tyler Bozak in Oilers zone.
19:39 of 1st period - Shot by Justin Williams.
19:39 of 1st period - Shot Misses the Net.
Goals for this period are 1 for Oilers vs 0 for Kings.
Shots for this period are 11 for Oilers vs 4 for Kings.

2nd period


0:01 of 2nd period - Tyler Bozak wins face-off versus Joe Thornton in neutral zone.
1:03 of 2nd period - Shot by Ryan Nugent-Hopkins.
1:03 of 2nd period - Stopped by Martin Jones without a rebound.
1:04 of 2nd period - Antoine Vermette wins face-off versus Mikael Granlund in Oilers zone.
1:17 of 2nd period - Shot by Antoine Vermette.
1:17 of 2nd period - Stopped by Steve Mason with a rebound.
1:19 of 2nd period - Shot by Ryan Wilson.
1:19 of 2nd period - Shot Misses the Net.
1:38 of 2nd period - Off-side.
1:39 of 2nd period - Ryan Nugent-Hopkins wins face-off versus Bo Horvat in neutral zone.
2:13 of 2nd period - Shot by Andre Burakovsky.
2:13 of 2nd period - Stopped by Martin Jones without a rebound.
2:14 of 2nd period - Joe Thornton wins face-off versus Antoine Vermette in Oilers zone.
3:26 of 2nd period - Shot by Tyler Bozak.
3:26 of 2nd period - Shot Misses the Net.
3:28 of 2nd period - Shot by Gabriel Landeskog.
3:28 of 2nd period - Shot Blocked by Ryan Stanton.
3:34 of 2nd period - Shot by Bobby Ryan.
3:34 of 2nd period - Shot Blocked by Andre Burakovsky.
3:48 of 2nd period - Shot by Tyler Bozak.
3:48 of 2nd period - Stopped by Steve Mason with a rebound.
3:50 of 2nd period - Shot by Kyle Quincey.
3:50 of 2nd period - Shot Blocked by Ryan Stanton.
3:52 of 2nd period - Shot by Ryan Wilson.
3:52 of 2nd period - Stopped by Steve Mason without a rebound.
3:53 of 2nd period - Bo Horvat wins face-off versus Mikael Granlund in Kings zone.
4:02 of 2nd period - Shot by Marco Scandella.
4:02 of 2nd period - Stopped by Steve Mason without a rebound.
4:03 of 2nd period - Mikael Granlund wins face-off versus Brian Flynn in Kings zone.
4:18 of 2nd period - Shot by Nail Yakupov.
4:18 of 2nd period - Stopped by Steve Mason without a rebound.
4:19 of 2nd period - Tyler Bozak wins face-off versus Joe Thornton in Kings zone.
4:28 of 2nd period - Shot by Bobby Ryan.
4:28 of 2nd period - Stopped by Steve Mason without a rebound.
4:29 of 2nd period - Joe Thornton wins face-off versus Tyler Bozak in Kings zone.
4:29 of 2nd period - Joe Thornton is hit by Gabriel Landeskog.
4:57 of 2nd period - Niklas Kronwall is hit by Gabriel Landeskog and loses puck.
5:42 of 2nd period - Shot by Mikkel Boedker.
5:42 of 2nd period - Shot Blocked by Mirco Mueller.
5:55 of 2nd period - Shot by Justin Williams.
5:55 of 2nd period - Stopped by Steve Mason without a rebound.
5:56 of 2nd period - Mikael Granlund wins face-off versus Bo Horvat in Kings zone.
6:25 of 2nd period - Shot by Jeff Skinner.
6:25 of 2nd period - Shot Misses the Net.
6:27 of 2nd period - Shot by Chris Kunitz.
6:27 of 2nd period - Deflect By Jeff Skinner.
6:27 of 2nd period - Stopped by Martin Jones without a rebound.
6:28 of 2nd period - Ryan Nugent-Hopkins wins face-off versus Bobby Ryan in Oilers zone.
6:32 of 2nd period - Icing by Jake Muzzin.
6:33 of 2nd period - Gabriel Landeskog wins face-off versus Joe Thornton in Oilers zone.
7:06 of 2nd period - Minor Penalty to Derek MacKenzie for Hooking.
7:07 of 2nd period - Ryan Nugent-Hopkins wins face-off versus Antoine Vermette in Kings zone.
7:18 of 2nd period - Joe Thornton is hit by Mikkel Boedker and loses puck.
7:40 of 2nd period - Icing by Justin Williams.
7:41 of 2nd period - Ryan Nugent-Hopkins wins face-off versus Justin Williams in Oilers zone.
9:00 of 2nd period - Shot by Brian Campbell.
9:00 of 2nd period - Shot Blocked by Alexander Edler.
9:02 of 2nd period - Shot by Brian Campbell.
9:02 of 2nd period - Shot Misses the Net.
9:04 of 2nd period - Shot by Antoine Vermette.
9:04 of 2nd period - Stopped by Steve Mason without a rebound.
9:05 of 2nd period - Mikael Granlund wins face-off versus Antoine Vermette in Kings zone.
9:05 of 2nd period - Matt Niskanen is hit by Justin Williams and loses puck.
9:16 of 2nd period - Shot by Brian Gionta.
9:16 of 2nd period - Stopped by Martin Jones without a rebound.
9:17 of 2nd period - Mikael Granlund wins face-off versus Brian Flynn in Oilers zone.
9:28 of 2nd period - Shot by Jeff Skinner.
9:28 of 2nd period - Deflect By Chris Kunitz.
9:28 of 2nd period - Shot Misses the Net.
10:36 of 2nd period - Shot by Joe Thornton.
10:36 of 2nd period - Stopped by Martin Jones with a rebound.
11:34 of 2nd period - Shot by Jason Pominville.
11:34 of 2nd period - Shot Misses the Net.
11:46 of 2nd period - Shot by Ryan Nugent-Hopkins.
11:46 of 2nd period - Shot Misses the Net.
11:50 of 2nd period - Shot by Ryan Nugent-Hopkins.
11:50 of 2nd period - Stopped by Martin Jones with a rebound.
11:52 of 2nd period - Shot by Matt Niskanen.
11:52 of 2nd period - Stopped by Martin Jones without a rebound.
11:53 of 2nd period - Chris Kunitz wins face-off versus Bo Horvat in Oilers zone.
12:14 of 2nd period - Shot by Emerson Etem.
12:14 of 2nd period - Shot Misses the Net.
12:18 of 2nd period - Shot by Bo Horvat.
12:18 of 2nd period - Deflect By Scottie Upshall.
12:18 of 2nd period - Stopped by Steve Mason without a rebound.
12:19 of 2nd period - Tyler Bozak wins face-off versus Ryan Nugent-Hopkins in Kings zone.
12:48 of 2nd period - Shot by Bobby Ryan.
12:48 of 2nd period - Shot Misses the Net.
13:33 of 2nd period - Shot by Mirco Mueller.
13:33 of 2nd period - Shot Blocked by Brian Campbell.
14:39 of 2nd period - Shot by Bo Horvat.
14:39 of 2nd period - Stopped by Steve Mason without a rebound.
14:40 of 2nd period - Mikael Granlund wins face-off versus Bobby Ryan in Kings zone.
14:53 of 2nd period - Shot by Chris Kunitz.
14:53 of 2nd period - Shot Blocked by Marc Methot.
14:55 of 2nd period - Shot by Chris Kunitz.
14:55 of 2nd period - Stopped by Martin Jones with a rebound.
14:57 of 2nd period - Shot by Ryan Stanton.
14:57 of 2nd period - Goal by Ryan Stanton - Oilers : 1 - Kings : 1.
14:58 of 2nd period - Brian Flynn wins face-off versus Ryan Nugent-Hopkins in neutral zone.
15:05 of 2nd period - Ryan Nugent-Hopkins is hit by Nail Yakupov.
15:06 of 2nd period - Icing by Ryan Nugent-Hopkins.
15:07 of 2nd period - Ryan Nugent-Hopkins wins face-off versus Bobby Ryan in Kings zone.
15:45 of 2nd period - Matt Niskanen is hit by Tyler Bozak and loses puck.
16:30 of 2nd period - Shot by Joe Thornton.
16:30 of 2nd period - Stopped by Martin Jones without a rebound.
16:31 of 2nd period - Mikael Granlund wins face-off versus Bo Horvat in Oilers zone.
16:40 of 2nd period - Kyle Quincey is hit by Chris Kunitz and loses puck.
16:50 of 2nd period - Icing by Kyle Quincey.
16:51 of 2nd period - Joe Thornton wins face-off versus Bo Horvat in Oilers zone.
17:48 of 2nd period - Shot by Tyler Bozak.
17:48 of 2nd period - Stopped by Steve Mason with a rebound.
17:56 of 2nd period - Shot by Gabriel Landeskog.
17:56 of 2nd period - Stopped by Steve Mason with a rebound.
18:01 of 2nd period - Bobby Ryan is hit by Mirco Mueller and loses puck.
19:26 of 2nd period - Bo Horvat is hit by Ryan Nugent-Hopkins and loses puck.
19:53 of 2nd period - Shot by Emerson Etem.
19:53 of 2nd period - Shot Misses the Net.
Goals for this period are 0 for Oilers vs 1 for Kings.
Shots for this period are 12 for Oilers vs 10 for Kings.

3rd period


0:01 of 3rd period - Joe Thornton wins face-off versus Tyler Bozak in neutral zone.
0:08 of 3rd period - Icing by Tyler Bozak.
0:09 of 3rd period - Derek MacKenzie wins face-off versus Tyler Bozak in Oilers zone.
1:29 of 3rd period - Marco Scandella is hit by Alexander Edler and loses puck.
1:57 of 3rd period - Mikael Granlund is hit by Marco Scandella and loses puck.
2:04 of 3rd period - Shot by Chris Kunitz.
2:04 of 3rd period - Shot Misses the Net.
2:09 of 3rd period - Icing by Marco Scandella.
2:10 of 3rd period - Antoine Vermette wins face-off versus Joe Thornton in Oilers zone.
2:24 of 3rd period - Icing by Niklas Kronwall.
2:25 of 3rd period - Joe Thornton wins face-off versus Bo Horvat in Kings zone.
2:55 of 3rd period - Off-side.
2:56 of 3rd period - Ryan Nugent-Hopkins wins face-off versus Tyler Bozak in neutral zone.
3:00 of 3rd period - Off-side.
3:01 of 3rd period - Tyler Bozak wins face-off versus Ryan Nugent-Hopkins in neutral zone.
3:16 of 3rd period - Marc Methot is hit by Andre Burakovsky and loses puck.
3:58 of 3rd period - Alexander Edler is hit by Gabriel Landeskog.
5:22 of 3rd period - Brian Campbell is hit by Chris Kunitz.
6:33 of 3rd period - Shot by Ryan Nugent-Hopkins.
6:33 of 3rd period - Stopped by Martin Jones without a rebound.
6:34 of 3rd period - Joe Thornton wins face-off versus Nail Yakupov in Oilers zone.
6:40 of 3rd period - Drew Miller is hit by Matt Niskanen and loses puck.
7:20 of 3rd period - Icing by Niklas Kronwall.
7:21 of 3rd period - Antoine Vermette wins face-off versus Joe Thornton in Kings zone.
7:31 of 3rd period - Mikkel Boedker is hit by Niklas Kronwall and loses puck.
7:50 of 3rd period - Shot by Mikkel Boedker.
7:50 of 3rd period - Stopped by Steve Mason with a rebound.
7:52 of 3rd period - Shot by Marco Scandella.
7:52 of 3rd period - Shot Misses the Net.
7:54 of 3rd period - Shot by Antoine Vermette.
7:54 of 3rd period - Shot Misses the Net.
8:56 of 3rd period - Shot by Ryan Nugent-Hopkins.
8:56 of 3rd period - Stopped by Martin Jones with a rebound.
8:58 of 3rd period - Shot by Alexander Edler.
8:58 of 3rd period - Shot Misses the Net.
9:00 of 3rd period - Shot by Jason Pominville.
9:00 of 3rd period - Shot Blocked by Brian Flynn.
9:02 of 3rd period - Shot by Alexander Edler.
9:02 of 3rd period - Shot Blocked by Kyle Quincey.
9:04 of 3rd period - Shot by Alexander Edler.
9:04 of 3rd period - Stopped by Martin Jones without a rebound.
9:05 of 3rd period - Tyler Bozak wins face-off versus Mikael Granlund in Oilers zone.
9:10 of 3rd period - Gabriel Landeskog is hit by Chris Kunitz and loses puck.
10:06 of 3rd period - Shot by Andre Burakovsky.
10:06 of 3rd period - Shot Misses the Net.
10:08 of 3rd period - Shot by Andre Burakovsky.
10:08 of 3rd period - Stopped by Martin Jones without a rebound.
10:09 of 3rd period - Antoine Vermette wins face-off versus Ryan Nugent-Hopkins in Oilers zone.
10:29 of 3rd period - Shot by Jason Pominville.
10:29 of 3rd period - Stopped by Martin Jones without a rebound.
10:30 of 3rd period - Joe Thornton wins face-off versus Bo Horvat in Oilers zone.
11:08 of 3rd period - Shot by Scottie Upshall.
11:08 of 3rd period - Stopped by Steve Mason without a rebound.
11:09 of 3rd period - Ryan Nugent-Hopkins wins face-off versus Antoine Vermette in Kings zone.
11:09 of 3rd period - Jason Pominville is hit by Antoine Vermette and loses puck.
11:28 of 3rd period - Mikkel Boedker is hit by Ryan Nugent-Hopkins and loses puck.
11:46 of 3rd period - Antoine Vermette is hit by Alexander Edler and loses puck.
11:49 of 3rd period - Shot by Justin Williams.
11:49 of 3rd period - Stopped by Steve Mason with a rebound.
11:51 of 3rd period - Shot by Antoine Vermette.
11:51 of 3rd period - Deflect By Justin Williams.
11:51 of 3rd period - Shot Misses the Net.
12:16 of 3rd period - Gabriel Landeskog is hit by Mirco Mueller and loses puck.
12:25 of 3rd period - Shot by Bobby Ryan.
12:25 of 3rd period - Deflect By Gabriel Landeskog.
12:25 of 3rd period - Shot Blocked by Alexander Edler.
12:33 of 3rd period - Gabriel Landeskog is hit by Alexander Edler and loses puck.
13:28 of 3rd period - Emerson Etem is hit by Alexander Edler and loses puck.
14:23 of 3rd period - Shot by Patrick Marleau.
14:23 of 3rd period - Stopped by Martin Jones without a rebound.
14:24 of 3rd period - Mikael Granlund wins face-off versus Tyler Bozak in Oilers zone.
14:33 of 3rd period - Shot by Mikael Granlund.
14:33 of 3rd period - Stopped by Martin Jones without a rebound.
14:34 of 3rd period - Antoine Vermette wins face-off versus Mikael Granlund in Oilers zone.
14:34 of 3rd period - Jake Muzzin is hit by Jeff Skinner and loses puck.
14:41 of 3rd period - Shot by Mikkel Boedker.
14:41 of 3rd period - Shot Blocked by Chris Kunitz.
14:51 of 3rd period - Shot by Jeff Skinner.
14:51 of 3rd period - Shot Blocked by Jake Muzzin.
15:26 of 3rd period - Off-side.
15:27 of 3rd period - Tyler Bozak wins face-off versus Joe Thornton in neutral zone.
16:24 of 3rd period - Shot by Scottie Upshall.
16:24 of 3rd period - Goal by Scottie Upshall - Oilers : 2 - Kings : 1.
16:25 of 3rd period - Mikael Granlund wins face-off versus Bo Horvat in neutral zone.
16:28 of 3rd period - Shot by Chris Kunitz.
16:28 of 3rd period - Stopped by Martin Jones without a rebound.
16:29 of 3rd period - Mikael Granlund wins face-off versus Antoine Vermette in Oilers zone.
17:23 of 3rd period - Icing by Mikael Granlund.
17:24 of 3rd period - Jeff Skinner wins face-off versus Tyler Bozak in Kings zone.
17:46 of 3rd period - Minor Penalty to Brian Gionta for Hooking.
17:47 of 3rd period - Ryan Nugent-Hopkins wins face-off versus Tyler Bozak in Kings zone.
17:53 of 3rd period - Icing by Marco Scandella.
17:54 of 3rd period - Ryan Nugent-Hopkins wins face-off versus Tyler Bozak in Oilers zone.
18:20 of 3rd period - Bobby Ryan is hit by Niklas Kronwall and loses puck.
18:23 of 3rd period - Shot by Brian Campbell.
18:23 of 3rd period - Stopped by Steve Mason with a rebound.
19:20 of 3rd period - Justin Williams is hit by Niklas Kronwall and loses puck.
19:51 of 3rd period - Kings, Steve Mason is pulled from the net.
19:51 of 3rd period - Shot by Brian Gionta.
19:51 of 3rd period - Deflect By Patrick Marleau.
19:51 of 3rd period - Stopped by Martin Jones without a rebound.
19:52 of 3rd period - Tyler Bozak wins face-off versus Derek MacKenzie in Oilers zone.
19:52 of 3rd period - Tyler Bozak is hit by Derek MacKenzie.
Goals for this period are 1 for Oilers vs 0 for Kings.
Shots for this period are 5 for Oilers vs 9 for Kings.